 Dungeon Crawl Stone Soup version 0.32-a0-422-g28b100f618 (webtiles) character file.

Game seed: 4768807608588823333

7 zenocrate the Sneak (level 1, -1/18 HPs)
             Began as a Demonspawn Delver on Feb 21, 2024.
             Slain by an adder (3 damage)
             ... on level 3 of the Dungeon.
             The game lasted 00:00:39 (407 turns).

zenocrate the Sneak (Demonspawn Delver)              Turns: 407, Time: 00:00:40

Health: -1/18      AC:  3    Str: 12    XL:     1   Next: 83%
Magic:  1/1        EV: 11    Int: 10    God:
Gold:   21         SH:  0    Dex: 14    Spells: 0/0 levels left

rFire   . .          .
                       - Unarmed
rCold   . . .        (no shield)
rNeg    . . .        a - +0 leather armour
rPois   .            (no helmet)
rElec   .            (no cloak)
rCorr   .            (no gloves)
SInv    .            (no boots)
Will    .....        (no amulet)
Stlth   ++           h - +4 ring of slaying
HPRegen 0.23/turn    (no ring)
MPRegen 0.07/turn

%: no passive effects
@: no status effects
A: no striking features
a: no special abilities


You were on level 3 of the Dungeon.
You visited 1 branch of the dungeon, and saw 3 of its levels.

You collected 21 gold pieces.

Inventory:

Armour
 a - a +0 leather armour (worn)
Jewellery
 h - a +4 ring of slaying (left hand)
 i - a +5 ring of evasion
Wands
 f - a wand of digging (3)
Scrolls
 b - a scroll of fog
 c - a scroll of revelation
 d - a scroll of identify {unknown}
 g - a scroll of enchant weapon {unknown}
Potions
 e - a potion of haste


   Skills:
 - Level 3.0 Fighting
 - Level 1.7 Dodging
 - Level 4.5 Stealth
 + Level 2.4 Unarmed Combat


You couldn't memorise any spells.
You didn't know any spells.
Your spell library was empty.

Dungeon Overview and Level Annotations

Branches:
Dungeon (5/15)
 Temple: D:4-7

Altars:

Shops:
D:4 *


Message History

The adder is lightly wounded.
The adder bites you. The adder bites you but does no damage.
You barely miss the adder.
The adder is lightly wounded.
The adder bites you.
You hit the adder.
The adder is severely wounded.
The adder bites you.
You are too injured to fight recklessly!
You closely miss the adder.
The adder is severely wounded.
The adder bites you.
* * * LOW HITPOINT WARNING * * *
Unknown command.
You barely miss the adder.
The adder is severely wounded.
The adder barely misses you. The adder closely misses you.
Unknown command.
You hit the adder.
The adder is severely wounded.
The adder closely misses you.
Unknown command.
Unknown command.
You barely miss the adder.
The adder is severely wounded.
The adder bites you.
* * * LOW HITPOINT WARNING * * *
Unknown command.
Unknown command.
You closely miss the adder.
The adder is severely wounded.
The adder barely misses you.
Unknown command.
Okay, then.
Okay, then.
Okay, then.
You barely miss the adder.
The adder is severely wounded.
The adder bites you.
You die...

############
#.
#..........#
#.
#.####.###.#
#. #.####.#
#.########.
#.#....#
#.......##.
#.#.####
#.#####..#.
#.#.# #..#
##.## #.#.#
...## #.#.
#.#@##.###
#... #.#S##
#... ..#..
#... ## ####
#... ... ...
#######...
#.# ####
......#...
......#...
......#...
......#)..


You could see an adder.

Vanquished Creatures
  A dart slug (D:4)
  A kobold (D:3)
  A ball python (D:4)
3 creatures vanquished.

Notes
Turn   | Place    | Note
-------+----------+-------------------------------------------
     0 | D:5      | zenocrate the Demonspawn Delver began the quest for the
                  | Orb.
     0 | D:5      | Reached XP level 1. HP: 18/18 MP: 1/1
    20 | D:5      | Noticed a hound
   316 | D:4      | Found Jirekuzix's Assorted Antiques.
   335 | D:3      | Noticed a bombardier beetle
   407 | D:3      | Slain by an adder

Illustrated notes

Levels and vault maps discovered:
D:3:      layout_loops_cross, serial_co_window_serial, co_window_corner_a,
          co_window_of_opportunity_a, co_window_of_opportunity_a,
          co_window_paths_a, co_window_paths_b, co_window_paths_a,
          co_window_paths_b, co_window_broadway_a, co_window_2corner,
          co_window_unsneaky_path_e, co_window_paths_e, co_window_4corner_b,
          basic_ecumenical_altar, corexii_corridor_pit
D:4:      kennysheep_the_goblin_king, layout_basic, minmay_temple_entry_grid,
          serial_shops, shop, uniq_menkaure
D:5:      minmay_bubble_buster, layout_cave_pools, serial_co_window_serial,
          co_window_paths_a, co_window_paths_a, co_window_corner_a,
          co_window_paths_b, co_window_paths_a, co_window_corner_b,
          co_window_corner_ca, co_window_corner_b, co_window_unsneaky_path_d,
          co_window_2corner, co_window_corner_ca, co_window_of_opportunity_b,
          co_window_4corner_a, glass_columns_a, uniq_crazy_yiuf_cottage

Skill      XL: |  1 |
---------------+----+-----
Unarmed Combat | 2 |  2.4
Fighting       | |  3.0
Dodging        | |  1.7
Stealth        | |  4.5

Action                     || total
---------------------------++-------
  Melee: Unarmed           ||    17
    Use: Scroll            ||     1
   Stab: Sleeping          ||     2
         Distracted        ||     1
 Armour: Leather armour    ||    11
  Dodge: Dodged            ||     9

Table legend: (Time is in decaauts)
 A = Elapsed time spent in this place.
 B = Non-inter-level travel time spent in this place.
 C = Inter-level travel time spent in this place.
 D = Time resting spent in this place.
 E = Time spent auto-exploring this place.
 F = Levels seen in this place.
 G = Mean time per level.
                   A        B        C        D        E       F      G
               +--------+--------+--------+--------+--------+-----+--------+
         Total |    405 |    405 |      0 |      0 |    311 |   3 |  135.0 |
       Dungeon |    405 |    405 |      0 |      0 |    311 |   3 |  135.0 |
               +--------+--------+--------+--------+--------+-----+--------+

Top non-repeatable levels by time:
     D:4: 265 daAuts
     D:3: 76 daAuts
     D:5: 63 daAuts
